 Dungeon Crawl Stone Soup version 0.21-a0-38-g95c5c02 (webtiles) character file.

2034318 Potronius the Conqueror (level 27, 281/281 HPs)
             Began as a Formicid Fighter on May 29, 2017.
             Was the Champion of Cheibriados.
             Escaped with the Orb
             ... and 3 runes on May 30, 2017!
             The game lasted 02:32:35 (50450 turns).

Potronius the Conqueror (Formicid Fighter)         Turns: 50450, Time: 02:32:36

Health: 281/281    AC: 46    Str: 42    XL:     27
Magic:  33/33      EV: 33    Int: 29    God:    Cheibriados [******]
Gold:   8262       SH: 34    Dex: 27    Spells: 25/26 levels left

rFire    + + +     SeeInvis +   e - +5 executioner's axe (chop)
rCold    + + +     Gourm    .   V - +8 large shield
rNeg     . . .     Faith    .   d - +9 plate armour of the Accordion {rCorr Str-3 Slay+5 SInv}
rPois    +         Spirit   .   (helmet unavailable)
rElec    .         Reflect  .   N - +4 dragonskin cloak
rCorr    +         Harm     .   E - +3 pair of gloves of a wizard's laboratory {rF+ Regen+ Dex+2}
MR       ++...     Clarity  +   S - +2 pair of boots {Fly}
Stlth    ..........             J - amulet "Bebiciv" {rC+++ Regen+}
Regen    1.4/turn               w - +5 ring of evasion
MPRegen  0.3/turn               p - ring "Ekoafack" {rF++ rC+ Str+4 Int-2}

@: flying, very slow
A: permanent stasis, dig shafts and tunnels, four strong arms, antennae 3,
rugged brown scales 1, blurry vision 1, clarity, mutation resistance 1, poison
resistance, robust 1, screaming 1, shaggy fur 1
0: Orb of Zot
}: 3/15 runes: decaying, slimy, gossamer
a: Dig, Shaft Self, Bend Time, Temporal Distortion, Slouch, Step From Time,
Renounce Religion, Stop Flying


You escaped.
You worshipped Cheibriados.
Cheibriados was exalted by your worship.
You were very hungry.

You visited 10 branches of the dungeon, and saw 51 of its levels.
You also visited: Labyrinth, Bailey, Ice Cave and Wizlab.

You collected 9387 gold pieces.
You spent 1125 gold pieces at shops.

Inventory:

Hand Weapons
 b - a +2 dire flail of crushing
 c - a +2 vampiric battleaxe
 e - a +5 executioner's axe of chopping (weapon)
Missiles
 H - 5 throwing nets (quivered)
Armour
 d - the +9 plate armour of the Accordion (worn) {rCorr Str-3 Slay+5 SInv}
   (You found it on level 1 of the Orcish Mines)

   It affects your strength (-3).
   It affects your accuracy and damage with ranged weapons and melee attacks
   (+5).
   It lets you see invisible.
   It protects you from acid and corrosion.
 E - the +3 pair of gloves of a wizard's laboratory (worn) {rF+ Regen+ Dex+2}
   (You found it on level 12 of the Dungeon)

   It affects your dexterity (+2).
   It protects you from fire.
   It increases your rate of regeneration.
 N - the +4 dragonskin cloak (worn)
   (You took it off Tiamat on level 3 of the Realm of Zot)
 S - a +2 pair of boots of flying (worn)
 V - a +8 large shield (worn)
Jewellery
 p - the ring "Ekoafack" (right hand) {rF++ rC+ Str+4 Int-2}
   (You found it on level 5 of the Lair of Beasts)

   [ring of protection from cold]

   It affects your strength (+4).
   It affects your intelligence (-2).
   It greatly protects you from fire.
   It protects you from cold.
 w - a +5 ring of evasion (left hand)
 J - the amulet "Bebiciv" (around neck) {rC+++ Regen+}
   (You found it on level 6 of the Lair of Beasts)

   [amulet of regeneration]

   It renders you almost immune to cold.
   It increases your rate of regeneration.
 O - an uncursed ring of poison resistance
Wands
 x - a wand of acid (15/15)
 M - a wand of scattershot (9/9)
 P - a wand of clouds (9/9)
Scrolls
 h - 5 scrolls of fear
 j - 2 scrolls of summoning
 o - 15 scrolls of identify
 s - 2 scrolls of silence
 u - 22 scrolls of remove curse
 v - 6 scrolls of fog
 y - 6 scrolls of magic mapping
 A - 2 scrolls of enchant armour
 C - 2 scrolls of holy word
 G - 9 scrolls of amnesia
 K - a scroll of recharging
Potions
 k - 6 potions of ambrosia
 l - 7 potions of lignification
 n - 14 potions of curing
 q - 2 potions of resistance
 t - 7 potions of cancellation
 z - 4 potions of agility
 B - 14 potions of brilliance
 F - 6 potions of mutation
 I - 4 potions of magic
 L - 10 potions of heal wounds
 Q - 3 potions of invisibility
Comestibles
 f - 30 bread rations
 g - 30 royal jellies
 i - 34 meat rations
 r - 35 fruits


   Skills:
 O Level 27 Fighting
 * Level 25.5 Axes
 - Level 22.8 Armour
 - Level 19.4 Dodging
 - Level 17.0 Shields
 - Level 13.4 Invocations


You had 25 spell levels left.
You knew the following spells:

 Your Spells              Type           Power        Failure   Level  Hunger
a - Apportation           Tloc           #.....       26%         1    ##.....


Dungeon Overview and Level Annotations

Branches:
Dungeon (15/15)            Temple (1/1) D:4            Lair (6/6) D:9
  Swamp (4/4) Lair:2       Spider (4/4) Lair:2        Slime (5/5) Lair:5
    Orc (2/2) D:11            Elf (0/3) Orc:2        Vaults (4/5) D:14
  Crypt (0/3) Vaults:2     Depths (5/5) D:15            Zot (5/5) Depths:5

Altars:
Ashenzari
Cheibriados
Dithmenos
Elyvilon
Fedhas
Gozag
Hepliaklqana
Kikubaaqudgha
Makhleb
Nemelex Xobeh
Ru
Sif Muna
Trog
Uskayaw
Vehumet
Wu Jian
Xom
The Shining One

Shops:
D:4 (*   Orc:2 **}=!   Depths:2 %   Depths:4 *[!%   Depths:5 =

Portals:
Hell: Depths:1 Depths:2 Depths:3 Depths:4 Depths:5
Abyss: Depths:1 Depths:2 Depths:3 Depths:4
Pandemonium: Depths:1 Depths:3
Ziggurat: Depths:1
Trove: Depths:4 (give 20 potions of curing)

Annotations:
D:13 exclusion: orange crystal statue
Zot:4 1 transporter


Innate Abilities, Weirdness & Mutations

You cannot be hasted, slowed, berserked, paralysed or teleported.
You can dig through walls and to a lower floor.
Your four strong arms can wield two-handed weapons with a shield.
You have a pair of large antennae on your head. (SInv)
You are partially covered in rugged brown scales. (AC +1, +3% HP)
Scrolls take you a little longer to read.
You possess an exceptional clarity of mind.
You are somewhat resistant to further mutation.
Your system is resistant to poisons. (rPois)
You are robust. (+10% HP)
You occasionally shout uncontrollably at your foes.
You are covered in fur. (AC +1)


Message History

You block the red devil's attack. You block the red devil's attack.
You block the red devil's attack. You block the red devil's attack.
The red devil closely misses you. You block the red devil's attack.
The red devil closely misses you. You block the red devil's attack.
You block the red devil's attack.
There is an open door here.
You extend your mandibles.
You dig through the rock wall.
You block the red devil's attack.
You dig through the rock wall.
You block the red devil's attack. x2
You retract your mandibles.
You block the red devil's attack.
There is an open door here.
You block the red devil's attack.
There is a staircase leading out of the dungeon here.
You block the red devil's attack.
You have escaped!

........###............###...#
........##..#########..###.#.####
##......#..##.......##..#........
..........##.#######.##.....#.###
..#.#....##.##.....##.##.........
#.#.#..#[#.'#.#####.##.#.........
.......#.#.#.'#.§.##.#.#........#
.......#.#§#.#.###.#.#.#.#....#..
..[.##.#.#§#.#.#@#.#§#.#.#..###..
.......#.#.#.#.##'.#§#.#....# ##.
....####.#.#.##..4##.#(#....# #.
....# #.#.##.####..##.#.#..# #.
##### #.##.##......#(##.#.## #.
#..##.#######.##..#..#####
##..##.......#'..##..##...
##..#########...........#
##...............#.....'


You could see a red devil.

Vanquished Creatures
  the Royal Jelly (Slime:5)
  Tiamat (Zot:3)
  9 orbs of fire
  2 ancient liches
  Mara (Vaults:4)
  Sojobo (Depths:1)
  the Lernaean hydra (Swamp:4)
  Bai Suzhen (Vaults:4)
  Saint Roka (Depths:2)
  The ghost of anonymous the Tortoise, a veteran BaMo of Okawaru (Depths:5)
  A curse toe (Zot:1)
  2 Killer Klowns
  Margery (Depths:5)
  4 caustic shrikes
  13 golden dragons
  Jory (Vaults:4)
  Arachne (Spider:4)
  2 electric golems
  4 bone dragons
  A Cloud Mage (WizLab)
  14 tentacled monstrosities
  23 Orb Guardians
  11 quicksilver dragons
  Asterion (Spider:4)
  3 liches
  16 acid blobs
  An Executioner (D:8)
  10 death cobs
  3 sphinxes
  4 titans
  Gastronok (D:8)
  Kirke (Swamp:4)
  2 thorn hunters
  Roxanne (D:14)
  11 storm dragons
  Donald (Swamp:1)
  13 draconian monks
  3 shadow dragons
  9 tengu reavers
  13 vault wardens
  14 azure jellies
  10 fire giants
  2 emperor scorpions (Spider:4)
  9 frost giants
  2 iron dragons
  8 draconian knights
  2 orc warlords (Depths:4)
  10 draconian scorchers
  8 ghost moths
  A cacodemon (D:8)
  8 draconian shifters
  7 draconian stormcallers
  A ghoul (Vaults:2)
  12 stone giants
  13 ironheart preservers
  8 draconian annihilators
  30 very ugly things
  17 green draconians
  An entropy weaver (Spider:1)
  21 black draconians
  5 vampire knights
  20 purple draconians
  17 yellow draconians
  15 white draconians
  20 spark wasps
  A deep elf annihilator (Depths:3)
  18 red draconians
  31 ettins
  The ghost of TySteely the Basher, a journeyman FoFi of Okawaru (Bailey)
  A blizzard demon (D:2)
  12 fire dragons
  A minotaur (Lab)
  11 death oozes
  Josephine (D:10)
  13 yaktaur captains
  14 ogre magi
  5 rakshasas
  16 ice dragons
  11 great orbs of eyes
  5 spriggan air magi
  3 catoblepae (Lair:6)
  22 hydras
  14 vault guards
  A monstrous demonspawn (Zot:5)
  20 centaur warriors
  A ghost crab (Swamp:2)
  A catoblepas (shapeshifter) (Depths:3)
  3 death knights
  6 alligators
  A queen ant (shapeshifter) (Depths:2)
  8 death yaks
  54 two-headed ogres
  8 deep troll shamans
  4 tengu warriors
  5 deep troll earth magi
  4 vampire magi
  An orc high priest (Depths:4)
  3 spriggan berserkers
  3 spriggans
  8 skeletal warriors
  2 soul eaters
  6 deep elf knights
  A sixfirhy (D:10)
  7 iron trolls
  11 unseen horrors
  A salamander mystic (Depths:4)
  2 shadow wraiths
  The ghost of grandjackal the Skirmisher, a novice DsWr of Cheibriados (D:8)
  A fire crab (shapeshifter) (Vaults:1)
  6 hell knights (Depths:5)
  An unseen horror (shapeshifter) (Vaults:4)
  3 glowing orange brains
  2 flayed ghosts
  7 wizards
  A spriggan druid (Swamp:2)
  15 swamp dragons
  9 deep elf archers
  A shambling mangrove (Swamp:1)
  24 deep trolls
  2 phantasmal warriors (D:14)
  16 ironbrand convokers
  A necromancer (Vaults:1)
  16 orc knights
  A wolf spider zombie (D:14)
  Pikel (D:8)
  7 deep elf magi
  An orb spider (shapeshifter) (Vaults:4)
  A mana viper (shapeshifter) (Vaults:2)
  5 shining eyes
  35 ugly things
  A cyclops (shapeshifter) (Depths:5)
  6 orc sorcerers
  38 wolf spiders
  27 moths of wrath
  6 oklob plants
  7 salamanders
  21 cyclopes
  7 manticores
  16 orb spiders
  A moth of wrath (shapeshifter) (Depths:3)
  4 elephants (Lair:6)
  A guardian serpent (shapeshifter) (Vaults:3)
  10 vault sentinels
  2 smoke demons
  7 black mambas
  Joseph (D:8)
  An ice statue (IceCv)
  6 centaur skeletons
  2 torpor snails
  An eye of devastation (shapeshifter) (Depths:2)
  A rust devil (D:8)
  2 eyes of devastation
  A gargoyle (Depths:4)
  24 spiny frogs
  3 spiny frogs (shapeshifter)
  A rime drake (Lair:1)
  8 freezing wraiths
  3 kobold demonologists
  12 komodo dragons
  An efreet (D:14)
  An elf (Depths:4)
  2 ice devils (Lair:3)
  64 yaktaurs
  21 demonic crawlers
  A red devil (D:15)
  39 jumping spiders
  5 hellwings (Depths:1)
  8 tengu conjurers
  A queen bee (shapeshifter) (Depths:2)
  6 trolls
  A jumping spider (shapeshifter) (D:13)
  4 large abominations
  The ghost of grandjackal the Ducker, an amateur DsGl (D:4)
  6 tyrant leeches
  12 blink frogs
  12 bog bodies
  16 hornets
  5 dream sheep (Lair:2)
  15 polar bears (IceCv)
  7 wind drakes (WizLab)
  A blink frog (shapeshifter) (Depths:2)
  8 hippogriffs
  9 shadows
  83 slime creatures
  87 redbacks
  34 air elementals
  4 flying skulls (D:10)
  Sigmund (D:6)
  4 vampires
  94 yaks
  A tarantella (shapeshifter) (Depths:2)
  25 tarantellas
  A chaos spawn (Depths:2)
  A human (shapeshifter) (Vaults:3)
  5 wraiths
  3 wyverns
  3 fire bats (Depths:1)
  6 golden eyes (Slime:1)
  2 hogs (Swamp:4)
  A hungry ghost (D:11)
  7 basilisks
  13 vampire mosquitoes
  12 wargs
  22 insubstantial wisps
  19 swamp worms
  4 acid dragons
  Edmund (D:6)
  11 water moccasins
  20 swamp drakes
  2 floating eyes
  A floating eye (shapeshifter) (D:15)
  57 orc warriors
  10 porcupines
  2 slaves (D:8)
  4 ice beasts
  3 sky beasts
  3 black bears
  3 eyes of draining
  27 wolves
  43 ogres
  17 boggarts
  3 phantoms
  2 orc skeletons (Vaults:1)
  44 centaurs
  24 crocodiles
  14 big kobolds
  19 bullfrogs
  A wyvern zombie (D:7)
  2 spectral wargs (Depths:4)
  A wyvern skeleton (D:14)
  6 scorpions
  15 killer bees
  8 small abominations (Depths:2)
  3 wights (D:7)
  2 howler monkeys
  An electric eel (Spider:1)
  9 crimson imps
  3 bullfrog zombies
  7 centaur zombies
  A human simulacrum (Vaults:1)
  5 jellies
  10 hounds
  6 bullfrog skeletons (D:10)
  24 orc priests
  A yaktaur simulacrum (Vaults:1)
  2 gnoll shamans
  An iron imp (Depths:2)
  18 orc wizards
  10 iguanas
  14 worker ants
  A killer bee zombie (D:10)
  3 hound zombies
  2 hound skeletons (D:10)
  A howler monkey zombie (D:10)
  A worker ant zombie (D:10)
  17 gnolls
  15 adders
  A howler monkey skeleton (D:6)
  7 shadow imps
  An adder zombie (D:10)
  6 oozes
  An adder skeleton (D:5)
  5 worms
  A dart slug (D:1)
  11 leopard geckos
  95 orcs
  9 bats
  4 giant cockroaches
  12 goblins
  10 hobgoblins
  21 jackals
  4 quokkas
  9 frilled lizards
  A jackal skeleton (D:9)
  A jackal zombie (D:5)
  34 kobolds
  A leopard gecko skeleton (D:4)
  A leopard gecko zombie (D:9)
  15 rats
  2 rat zombies (D:4)
  5 briar patches (Swamp:2)
  5 fungi
  A plant (D:9)
2610 creatures vanquished.

Vanquished Creatures (others)
  A draconian knight (Depths:5)
  A ghost moth (Zot:4)
  An unseen horror (shapeshifter) (Vaults:3)
  A moth of wrath (Zot:5)
  A vault sentinel (Vaults:3)
  A jumping spider (Spider:1)
  A polar bear (IceCv)
  A slime creature (Slime:1)
  2 air elementals (Depths:3)
  3 hogs (Swamp:4)
  A human (Swamp:4)
  3 wolves (IceCv)
  A bullfrog zombie (D:8)
  An iguana (D:10)
  A kobold (Depths:4)
  9 fungi
  7 plants
36 creatures vanquished.

Grand Total: 2646 creatures vanquished

Notes
Turn   | Place    | Note
-------+----------+-------------------------------------------
     0 | D:1      | Potronius the Formicid Fighter began the quest for the Orb.
     0 | D:1      | Reached XP level 1. HP: 18/18 MP: 1/1
   262 | D:1      | Reached XP level 2. HP: 24/24 MP: 2/2
   361 | D:1      | HP: 1/24 [leopard gecko (3)]
   729 | D:1      | Reached XP level 3. HP: 23/29 MP: 3/3
  1349 | D:2      | Reached XP level 4. HP: 24/37 MP: 4/4
  1710 | D:2      | Reached skill level 4 in Fighting
  1722 | D:2      | Found a hazy altar of Hepliaklqana.
  2073 | D:2      | Reached XP level 5. HP: 30/42 MP: 5/5
  2871 | D:3      | Found a blossoming altar of Fedhas.
  3085 | D:3      | Reached skill level 5 in Axes
  3085 | D:3      | Reached XP level 6. HP: 40/49 MP: 6/6
  3114 | D:3      | Reached skill level 5 in Fighting
  3753 | D:4      | Noticed an ogre
  3761 | D:4      | Killed an ogre
  3902 | D:4      | Found a staircase to the Ecumenical Temple.
  3913 | Temple   | Entered the Ecumenical Temple
  3957 | Temple   | Became a worshipper of Cheibriados the Contemplative
  3977 | D:4      | Found Voifior's General Store.
  3983 | D:4      | Reached XP level 7. HP: 55/56 MP: 7/7
  4008 | D:4      | Found a hide-covered altar of Uskayaw.
  4094 | D:4      | Noticed grandjackal's ghost (amateur DsGl)
  4156 | D:4      | Killed grandjackal's ghost
  4318 | D:4      | Reached skill level 6 in Fighting
  4542 | D:4      | Found Duogg's Antique Weapon Shop.
  4621 | D:4      | Found an ancient bone altar of Kikubaaqudgha.
  4740 | D:4      | Reached * piety under Cheibriados
  4740 | D:4      | Reached XP level 8. HP: 55/65 MP: 8/8
  5022 | D:5      | Entered Level 5 of the Dungeon
  5629 | D:5      | Reached skill level 7 in Fighting
  5856 | D:5      | Reached XP level 9. HP: 58/72 MP: 9/9
  6043 | D:6      | Noticed Sigmund
  6062 | D:6      | Killed Sigmund
  6141 | D:6      | Reached skill level 8 in Fighting
  6162 | D:6      | Reached skill level 1 in Invocations
  6168 | D:6      | Reached ** piety under Cheibriados
  6948 | D:6      | Noticed Edmund
  6962 | D:6      | Killed Edmund
  6962 | D:6      | Reached skill level 10 in Axes
  7112 | D:6      | Found a white marble altar of Elyvilon.
  7290 | D:6      | Reached XP level 10. HP: 79/82 MP: 12/12
  7424 | D:6      | Reached *** piety under Cheibriados
  7604 | D:7      | Reached skill level 9 in Fighting
  7698 | D:7      | Found an ornate altar of the Wu Jian Council.
  7698 | D:7      | Found a shattered altar of Ashenzari.
  8136 | D:8      | Noticed a two-headed ogre
  8138 | D:8      | Noticed grandjackal's ghost (novice DsWr)
  8148 | D:7      | Killed a two-headed ogre
  8148 | D:7      | Reached skill level 5 in Shields
  8320 | D:8      | Found a burning altar of Makhleb.
  8340 | D:8      | Noticed Gastronok
  8365 | D:8      | Killed Gastronok
  8365 | D:8      | Reached skill level 10 in Fighting
  8365 | D:8      | Reached XP level 11. HP: 90/90 MP: 13/13
  8426 | D:8      | Reached **** piety under Cheibriados
  8531 | D:8      | Killed grandjackal's ghost
  8551 | D:8      | Noticed Joseph
  8558 | D:8      | Killed Joseph
  8560 | D:8      | Noticed a soul eater
  8738 | D:8      | Reached ***** piety under Cheibriados
  8840 | D:8      | Noticed Pikel
  8852 | D:8      | Killed Pikel
  9569 | D:9      | Reached skill level 11 in Fighting
  9675 | D:9      | Found a staircase to the Lair.
 10031 | D:10     | Entered Level 10 of the Dungeon
 10104 | D:10     | Reached XP level 12. HP: 92/100 MP: 14/14
 10125 | D:10     | Noticed an unseen horror
 10131 | D:10     | Killed an unseen horror
 10768 | D:10     | Noticed an unseen horror
 10779 | D:10     | Killed an unseen horror
 10779 | D:10     | Reached skill level 5 in Invocations
 10848 | D:10     | Noticed Josephine
 10891 | D:10     | Killed Josephine
 10891 | D:10     | Reached ****** piety under Cheibriados
 10945 | D:10     | Noticed a skeletal warrior
 10952 | D:10     | Killed a skeletal warrior
 11457 | D:10     | Reached skill level 5 in Armour
 11589 | Lair:1   | Entered Level 1 of the Lair of Beasts
 11732 | Lair:1   | Noticed a four-headed hydra
 11738 | Lair:1   | Killed a four-headed hydra
 11738 | Lair:1   | Reached skill level 1 in Dodging
 11749 | Lair:1   | Noticed an eight-headed hydra
 11756 | Lair:1   | Killed an eight-headed hydra
 11816 | Lair:1   | Reached skill level 12 in Fighting
 11816 | Lair:1   | Reached XP level 13. HP: 50/108 MP: 16/18
 13348 | Lair:2   | Found a hole to the Spider Nest.
 13857 | Lair:3   | Found a labyrinth entrance.
 13866 | Lab      | Entered a labyrinth
 14042 | Lab      | Noticed a minotaur
 14049 | Lab      | Killed a minotaur
 14104 | Lair:3   | Found a frozen archway.
 14118 | IceCv    | Entered an ice cave
 14625 | IceCv    | Reached XP level 14. HP: 115/116 MP: 19/19
 14634 | IceCv    | Reached skill level 15 in Axes
 14727 | IceCv    | Noticed a frost giant
 14751 | IceCv    | Killed a frost giant
 14765 | IceCv    | Reached skill level 13 in Fighting
 14926 | IceCv    | Got a coiled golden ring
 14942 | IceCv    | Identified the ring of Qufosuo {*Contam +Fly Dex+4 SInv Stlth+} (You found it in an ice cave)
 14963 | IceCv    | Gained mutation: Your body sometimes deteriorates upon taking damage. [mutagenic glow]
 14964 | IceCv    | Lost mutation: Your body sometimes deteriorates upon taking damage. [potion of mutation]
 14964 | IceCv    | Gained mutation: You are clumsy. (Dex -2) [potion of mutation]
 14964 | IceCv    | Gained mutation: Your natural rate of healing is unusually fast. [potion of mutation]
 14964 | IceCv    | Gained mutation: You are covered in fur. (AC +1) [potion of mutation]
 15219 | Lair:3   | Reached skill level 5 in Dodging
 17075 | Lair:5   | Found a staircase to the Slime Pits.
 17358 | Lair:5   | Got a translucent marble ring
 17451 | Lair:5   | Identified the ring "Ekoafack" {rF++ rC+ Str+4 Int-2} (You found it on level 5 of the Lair of Beasts)
 17454 | Lair:6   | Entered Level 6 of the Lair of Beasts
 17473 | Lair:5   | Reached XP level 15. HP: 117/125 MP: 20/20
 17991 | Lair:6   | Reached skill level 10 in Armour
 17996 | Lair:6   | Reached skill level 14 in Fighting
 18182 | Lair:6   | Got a scintillating ivory amulet
 18186 | Lair:6   | Identified the amulet "Bebiciv" {rC+++ Regen+} (You found it on level 6 of the Lair of Beasts)
 18721 | D:11     | Found a staircase to the Orcish Mines.
 19483 | D:12     | Found a flagged portal.
 19488 | Bailey   | Entered a bailey
 19488 | Bailey   | Noticed TySteely's ghost (journeyman FoFi)
 19499 | Bailey   | Killed TySteely's ghost
 19556 | Bailey   | Found a burning altar of Makhleb.
 19825 | D:12     | Got a pair of brightly glowing gloves
 19837 | D:12     | Identified the +3 pair of gloves of a wizard's laboratory {rF+ Regen+ Dex+2} (You found it on level 12 of the Dungeon)
 20362 | D:13     | Reached XP level 16. HP: 134/134 MP: 21/21
 21434 | D:14     | Found a gate to the Vaults.
 21647 | D:14     | Noticed Roxanne
 21978 | D:14     | Got a bloodstained chain mail
 21989 | D:14     | Identified the +2 chain mail of Levity {rElec Int+2} (You took it off an orc on level 14 of the Dungeon)
 22096 | D:15     | Entered Level 15 of the Dungeon
 22239 | D:15     | Reached skill level 15 in Fighting
 22255 | D:15     | Found a staircase to the Depths.
 22346 | D:15     | Noticed a fire giant
 22368 | D:15     | Killed a fire giant
 22957 | Orc:1    | Entered Level 1 of the Orcish Mines
 23088 | Orc:1    | Reached XP level 17. HP: 142/142 MP: 22/22
 23255 | Orc:1    | Learned a level 1 spell: Apportation
 23828 | Orc:1    | Got a scorched dire flail
 23832 | Orc:1    | Identified the +10 dire flail of the Shore {flame, *Contam Dex+10 SInv} (You found it on level 1 of the Orcish Mines)
 23861 | Orc:1    | Got an ichor-stained plate armour
 23876 | Orc:1    | Identified the +9 plate armour of the Accordion {rCorr Str-3 Slay+5 SInv} (You found it on level 1 of the Orcish Mines)
 24005 | Orc:2    | Entered Level 2 of the Orcish Mines
 24097 | Orc:2    | Found Vosch's Distillery.
 24182 | Orc:2    | Found Durgh's Gadget Boutique.
 24182 | Orc:2    | Found Riakyrph's General Store.
 24194 | Orc:2    | Found Feuquet's Assorted Antiques.
 24196 | Orc:2    | Found Sutaesk's Jewellery Shop.
 24229 | Orc:2    | Bought a +5 ring of evasion for 825 gold pieces
 24229 | Orc:2    | Bought an uncursed ring of poison resistance for 300 gold pieces
 24312 | Orc:2    | Found a staircase to the Elven Halls.
 24925 | Lair:2   | Found a staircase to the Swamp.
 24929 | Lair:2   | Reached skill level 10 in Dodging
 25011 | Swamp:1  | Entered Level 1 of the Swamp
 25014 | Swamp:1  | Noticed a thorn hunter
 25042 | Swamp:1  | Killed a thorn hunter
 25059 | Swamp:1  | Noticed Donald
 25075 | Swamp:1  | Killed Donald
 25877 | Swamp:2  | Noticed a thorn hunter
 25893 | Swamp:2  | Killed a thorn hunter
 26025 | Swamp:2  | Reached XP level 18. HP: 151/151 MP: 23/23
 26770 | Swamp:3  | Reached skill level 16 in Fighting
 27159 | Swamp:4  | Entered Level 4 of the Swamp
 27394 | Swamp:4  | Noticed Kirke
 27410 | Swamp:4  | Killed Kirke
 27667 | Swamp:4  | Noticed the 27-headed Lernaean hydra
 27673 | Swamp:4  | Killed the 27-headed Lernaean hydra
 27687 | Swamp:4  | Got a decaying rune of Zot
 27967 | Spider:1 | Entered Level 1 of the Spider Nest
 28223 | Spider:1 | Reached XP level 19. HP: 159/159 MP: 24/24
 29551 | Spider:3 | Reached skill level 17 in Fighting
 29795 | Spider:4 | Entered Level 4 of the Spider Nest
 29823 | Spider:4 | Noticed Asterion
 29833 | Spider:4 | Killed Asterion
 29892 | Spider:4 | Noticed Arachne
 29914 | Spider:4 | Killed Arachne
 30193 | Spider:4 | Reached XP level 20. HP: 159/169 MP: 1/26
 30447 | Spider:4 | Got a gossamer rune of Zot
 30575 | Spider:4 | Reached skill level 15 in Armour
 30960 | D:14     | Killed Roxanne
 31014 | Vaults:1 | Entered Level 1 of the Vaults
 31069 | Vaults:1 | Reached skill level 18 in Fighting
 31155 | Vaults:1 | Reached skill level 10 in Invocations
 32027 | Vaults:1 | Reached XP level 21. HP: 172/179 MP: 29/29
 32468 | Vaults:2 | Reached skill level 19 in Fighting
 33150 | Vaults:2 | Noticed a bone dragon
 33163 | Vaults:2 | Killed a bone dragon
 33164 | Vaults:2 | Found a staircase to the Crypt.
 33813 | Vaults:3 | Found a magical portal.
 33822 | WizLab   | Entered The Chambers of the Cloud Mage
 33846 | WizLab   | Reached XP level 22. HP: 190/190 MP: 31/31
 33939 | WizLab   | Reached skill level 20 in Fighting
 34295 | WizLab   | Identified the Handbook of Lightness
 34297 | WizLab   | Identified the Compendium of Lightness
 35899 | Vaults:4 | Reached skill level 10 in Shields
 35916 | Vaults:4 | Noticed Mara
 35918 | Vaults:4 | Noticed Potronius's illusion
 35946 | Vaults:4 | Killed Mara
 36081 | Vaults:4 | Noticed Jory
 36082 | Vaults:4 | Reached XP level 23. HP: 199/199 MP: 33/33
 36098 | Vaults:4 | Killed Jory
 36396 | Vaults:4 | Noticed Bai Suzhen
 36411 | Vaults:4 | Killed Bai Suzhen
 36411 | Vaults:4 | Reached skill level 21 in Fighting
 37118 | Depths:1 | Entered Level 1 of the Depths
 37125 | Depths:1 | Found a one-way gate leading to the halls of Pandemonium.
 37191 | Depths:1 | Found a gateway to a ziggurat.
 37209 | Depths:1 | Noticed Sojobo
 37230 | Depths:1 | Killed Sojobo
 37745 | Depths:1 | Found a gateway to Hell.
 37902 | Depths:1 | Found a one-way gate to the infinite horrors of the Abyss.
 38370 | Depths:2 | Noticed Saint Roka
 38398 | Depths:2 | Killed Saint Roka
 38398 | Depths:2 | Reached XP level 24. HP: 179/208 MP: 33/33
 38484 | Depths:2 | Found Seblaawo's Food Boutique.
 38508 | Depths:2 | Found a sparkling altar of Nemelex Xobeh.
 38678 | Depths:2 | Reached skill level 15 in Dodging
 38862 | Depths:2 | Found a blossoming altar of Fedhas.
 38930 | Depths:2 | Noticed a caustic shrike
 38941 | Depths:2 | Killed a caustic shrike
 38980 | Depths:2 | Reached skill level 15 in Shields
 39838 | Depths:3 | Noticed a caustic shrike
 39838 | Depths:3 | Noticed a golden dragon
 39841 | Depths:3 | Reached XP level 25. HP: 216/216 MP: 33/33
 39845 | Depths:3 | Noticed a caustic shrike
 39850 | Depths:3 | Killed a caustic shrike
 39852 | Depths:3 | Noticed an ancient lich
 39853 | Depths:3 | Killed a caustic shrike
 39862 | Depths:3 | Killed an ancient lich
 39862 | Depths:3 | Reached skill level 22 in Fighting
 39982 | Depths:3 | Got a sparkling amber ring
 39983 | Depths:3 | Identified the ring of the Endless Expanse {Str+9 Int-2 Stlth-} (You found it on level 3 of the Depths)
 40734 | Depths:4 | Found a portal to a secret trove of treasure.
 40991 | Depths:4 | Found Itattuk's Slaves and Accessories.
 41071 | Depths:4 | Reached XP level 26. HP: 226/226 MP: 33/33
 41080 | Depths:4 | Found The Legendary Mecud's Legendary Smithy.
 41127 | Depths:4 | Found Jack's Jerk-a-riffic Jerky.
 41179 | Depths:4 | Found Viog's Miraculous Elixirs.
 41560 | Depths:4 | Found an ancient bone altar of Kikubaaqudgha.
 41684 | Depths:4 | Reached skill level 23 in Fighting
 41836 | Depths:5 | Entered Level 5 of the Depths
 41930 | Depths:5 | Noticed Margery
 41949 | Depths:5 | Killed Margery
 42088 | Depths:5 | Noticed anonymous's ghost (veteran BaMo)
 42141 | Depths:5 | Killed anonymous's ghost
 42181 | Depths:5 | Gained mutation: You heal very quickly. [a shining eye]
 42537 | Depths:5 | Found Nibaica's Jewellery Shop.
 42835 | Depths:5 | Found a gate to the Realm of Zot.
 43359 | Slime:1  | Entered Level 1 of the Pits of Slime
 43379 | Slime:1  | Gained mutation: You occasionally shout uncontrollably at your foes. [a shining eye]
 43380 | Slime:1  | Reached XP level 27. HP: 237/237 MP: 27/33
 43390 | Slime:1  | Reached skill level 24 in Fighting
 43401 | Slime:1  | Lost mutation: You heal very quickly. [a shining eye]
 43402 | Slime:1  | Gained mutation: Your spells are a little easier to cast, but a little less powerful. [a shining eye]
 43402 | Slime:1  | Lost mutation: Your spells are a little easier to cast, but a little less powerful. [a shining eye]
 43404 | Slime:1  | Gained mutation: Your flesh is cold resistant. (rC+) [a shining eye]
 43406 | Slime:1  | Gained mutation: Scrolls take you a little longer to read. [a shining eye]
 43408 | Slime:1  | Gained mutation: Scrolls take you longer to read. [a shining eye]
 43461 | Lair:5   | Lost mutation: Your flesh is cold resistant. (rC+) [potion of mutation]
 43461 | Lair:5   | Lost mutation: Scrolls take you longer to read. [potion of mutation]
 43461 | Lair:5   | Lost mutation: Your natural rate of healing is unusually fast. [potion of mutation]
 43461 | Lair:5   | Lost mutation: Scrolls take you a little longer to read. [potion of mutation]
 43461 | Lair:5   | Gained mutation: You possess an exceptional clarity of mind. [potion of mutation]
 43461 | Lair:5   | Gained mutation: You are partially covered in rugged brown scales. (AC +1, +3% HP) [potion of mutation]
 43481 | Slime:2  | Gained mutation: Your body sometimes deteriorates upon taking damage. [a shining eye]
 43502 | Slime:2  | Lost mutation: You possess an exceptional clarity of mind. [potion of mutation]
 43502 | Slime:2  | Lost mutation: You are clumsy. (Dex -2) [potion of mutation]
 43502 | Slime:2  | Lost mutation: Your body sometimes deteriorates upon taking damage. [potion of mutation]
 43502 | Slime:2  | Gained mutation: You are somewhat resistant to further mutation. [potion of mutation]
 43502 | Slime:2  | Gained mutation: You are agile. (Dex +2) [potion of mutation]
 43558 | Slime:5  | Entered Level 5 of the Pits of Slime
 43588 | Slime:5  | Noticed the Royal Jelly
 43617 | Slime:5  | Killed the Royal Jelly
 43745 | Slime:5  | Identified the Handbook of Black Rites
 43752 | Slime:5  | Got a smoking ruby amulet
 43753 | Slime:5  | Identified the amulet "Onlesk" {Reflect rC+ SH+2} (You found it on level 5 of the Pits of Slime)
 43758 | Slime:5  | Got a slimy rune of Zot
 43784 | Slime:5  | Identified the Incunabulum of Conjuration
 43813 | Slime:5  | Identified the Grimoire of Enchantment and Protection
 44341 | Zot:1    | Entered Level 1 of the Realm of Zot
 44346 | Zot:1    | Noticed an orb of fire
 44357 | Zot:1    | Gained mutation: Scrolls take you a little longer to read. [an orb of fire]
 44377 | Zot:1    | Killed an orb of fire
 44576 | Zot:1    | Noticed an orb of fire
 44598 | Zot:1    | Killed an orb of fire
 44615 | Zot:1    | Reached skill level 25 in Fighting
 45867 | Zot:2    | Noticed an orb of fire
 45868 | Zot:2    | Gained mutation: Your magical capacity is low. (-10% MP) [an orb of fire]
 45887 | Zot:2    | Killed an orb of fire
 46244 | Zot:2    | Reached skill level 26 in Fighting
 47534 | Zot:3    | Noticed Tiamat
 47575 | Zot:3    | Killed Tiamat
 47601 | Zot:3    | Reached skill level 27 in Fighting
 47995 | Zot:4    | Found a transporter.
 48069 | Zot:4    | Identified a scroll of acquirement
 48420 | Zot:4    | Noticed an orb of fire
 48432 | Zot:4    | Killed an orb of fire
 48940 | Zot:5    | Entered Level 5 of the Realm of Zot
 49424 | Zot:5    | Noticed an ancient lich
 49435 | Zot:5    | Killed an ancient lich
 49437 | Zot:5    | Noticed an orb of fire
 49443 | Zot:5    | Noticed an orb of fire
 49460 | Zot:5    | Killed an orb of fire
 49470 | Zot:5    | Gained mutation: Your body sometimes deteriorates upon taking damage. [an orb of fire]
 49479 | Zot:5    | Gained mutation: You are frail. (-10% HP) [an orb of fire]
 49481 | Zot:5    | Killed an orb of fire
 49525 | Zot:5    | Noticed an orb of fire
 49531 | Zot:5    | Gained mutation: You are very frail. (-20% HP) [an orb of fire]
 49533 | Zot:5    | Killed an orb of fire
 49538 | Zot:5    | Lost mutation: Your body sometimes deteriorates upon taking damage. [potion of mutation]
 49538 | Zot:5    | Lost mutation: Your magical capacity is low. (-10% MP) [potion of mutation]
 49538 | Zot:5    | Lost mutation: You are agile. (Dex +2) [potion of mutation]
 49538 | Zot:5    | Gained mutation: You possess an exceptional clarity of mind. [potion of mutation]
 49539 | Zot:5    | Lost mutation: You are very frail. (-20% HP) [potion of mutation]
 49539 | Zot:5    | Lost mutation: You are frail. (-10% HP) [potion of mutation]
 49539 | Zot:5    | Gained mutation: You are robust. (+10% HP) [potion of mutation]
 49539 | Zot:5    | Gained mutation: Your system is resistant to poisons. (rPois) [potion of mutation]
 49547 | Zot:5    | Noticed an orb of fire
 49555 | Zot:5    | Killed an orb of fire
 49658 | Zot:5    | Noticed an orb of fire
 49672 | Zot:5    | Killed an orb of fire
 49739 | Zot:5    | Got the Orb of Zot
 50167 | D:12     | Noticed Woydeom the pandemonium lord
 50450 | D:$      | Escaped with the Orb!

Vault maps used:
D:1:      evilmike_arrival_rings
D:2:      lemuel_coloured_pillars_altar, first_bread
D:3:      nicolae_overflow_crystal_walls
D:4:      black_bear_nest_2, eat_drink_and_be_merry_uskayaw,
          lemuel_zombie_altar_kikubaaqudgha, minmay_temple_entry_junction,
          serial_shops, nicolae_shop_statue_plus, kennysheep_mini_moat
D:6:      kennysheep_little_box, minmay_joined_circles, uniq_edmund,
          uniq_sigmund
D:7:      gammafunk_temple_overflow_wave
D:8:      minmay_bloctagon_deflated, kennysheep_mini, special_room, uniq_joseph,
          uniq_gastronok, uniq_pikel
D:9:      minmay_lair_entry_grove
D:10:     hangedman_screamer, lightli_fourway_metalbox
D:11:     david_orc_4
D:12:     enter_bailey_3, hangedman_little_slice_of_home
D:13:     minivault_15
D:14:     lightli_vaults_fourway_checkpoint, uniq_roxanne
D:15:     grunt_enter_depths_giant_problem, minmay_stone_trees_medium
Temple:   nicolae_temple_great_sept
Lair:1:   st_stairs_4, minivault_25, nicolae_quartered_pool_little
Lair:2:   minmay_swamp_entry_reptiles, spider_nest_entry_rubble,
          minmay_lair_oklob_chamber, grunt_megastairs_5
Lair:3:   portal_ice_cave_demonic_guard, lab_entry_generic
Lair:4:   infiniplex_staircase_pool, serial_bayou_shore_b, serial_bayou_shore_b,
          lemuel_fruit_tree
Lair:5:   minmay_slime_entry_oklob_open, hangedman_lair_unloving_vines,
          small_statue_intersection, grunt_megastairs_2
Lair:6:   evilmike_catoblepas_cave, grunt_megastairs_3
Swamp:1:  evilmike_swamp_ruin_rubble_1, swamp_pool5,
          infiniplex_staircase_pool_2, uniq_donald
Swamp:2:  evilmike_swamp_ruin_house_1
Swamp:3:  evilmike_swamp_ruin_house_3
Swamp:4:  grunt_swamp_rune_castle, uniq_kirke
Spider:2: nicolae_spider_mines_3
Spider:4: spider_rune_water, spider_trap, uniq_asterion, uniq_arachne
Slime:4:  nicolae_slime_jelly_donut
Orc:1:    giant_chief_lemuel, nicolae_orc_lava_room
Orc:2:    st_orc_rangers, serial_shops,
          nicolae_shop_temple_entry_statues_fountains, mines3_lemuel
Vaults:1: vaults_room_door_hall, vaults_room_grunt_arrival_ludios,
          grunt_vaults_bifocal, nicolae_vaults_ring_of_whatevers, v_pattern_1,
          ontoclasm_vaults_ring_large, ontoclasm_vaults_decontamination,
          nicolae_vaults_border_crossing
Vaults:2: v_alt_pattern_3, grunt_vaults_swirl, v_misc_19, vaults_dpeg_diagonal,
          nicolae_vaults_gold_heap, nicolae_vaults_sealed_display, st_cells,
          v_misc_27, vaults_mumra_lcd, nicolae_vaults_little_squares_3,
          v_alt_pattern_5, vaults_room_pool, hangedman_vaults_capsules,
          hangedman_vaults_cutoff, minmay_crypt_entry_nasty_monster,
          ontoclasm_vaults_ring_small, vaults_dpeg_encased_lava
Vaults:3: v_misc_31, nicolae_vaults_know_your_exits, nicolae_vaults_asterisk,
          v_misc_15, vaults_dpeg_cross, v_misc_9, v_misc_5,
          nicolae_vaults_circle_grid_a, v_misc_10,
          nicolae_vaults_hallways_thing, vaults_room_door_ring,
          nicolae_vaults_rhombus_7, v_misc_25, grunt_vaults_twisty,
          mu_enter_wizlab_3
Vaults:4: hangedman_vaults_hat, v_misc_9, nicolae_vaults_inception_scallops,
          nicolae_vaults_circle_grid_b, ontoclasm_vaults_pinch,
          hangedman_vaults_river_flow, nicolae_vaults_network_square, v_misc_3,
          v_misc_30, grunt_vaults_hallway_short, uniq_mara, uniq_jory,
          uniq_bai_suzhen
Depths:1: enter_ziggurat_f, abyss_entry_crystal, pan_entry,
          hangedman_geh_valley, hangedman_abyss_or_decor_passed, st_stairs_11,
          kennysheep_decorative_pillar, mumra_transporter_accident,
          kennysheep_dice, uniq_sojobo
Depths:2: minmay_the_grid_triangle_9x9_rhombus_thin, serial_glass,
          glass_columns_a, glass_columns_c, grunt_hell_entry_dis_grunt,
          serial_shops, shop, minmay_room_of_horrors, st_stairs_13,
          minivault_22, lemuel_statue_altar, infiniplex_staircase_squiggle,
          serial_bayou_shore_b, uniq_saint_roka
Depths:3: grunt_runaround, pan_entry, abyss_entry, hell_entry
Depths:4: grated_community_mu, enter_trove_2, hell_entry, abyss_entry,
          kennysheep_generic_room_9, minmay_staircase_windowed_small
Depths:5: grunt_zot_entry_gee_three, grunt_metal_band, serial_shops, shop
Zot:1:    kennysheep_blocky_hall
Zot:3:    st_small_dragon_hoard_4, uniq_tiamat
Zot:4:    gammafunk_sealed_library
Lab:      labyrinth_mini_lab, nicolae_lab_hexagon
Bailey:   bailey_axe_3, bailey
IceCv:    ice_cave_caverns_02
WizLab:   wizlab_cloud

Skill      XL: |  1  2  3  4  5  6  7  8  9 10 11 12 13 14 15 16 17 18 19 20 21 22 23 24 25 26 27 |
---------------+----------------------------------------------------------------------------------+-----
Axes           | 3 4 5 7 8 10 11 13 14 16 17 18 19 20 25 | 25.5
Fighting       | 4 5 6 7 8 10 11 12 13 14 15 16 17 18 19 20 21 22 23 27 | 27.0
Invocations    | 2 3 6 7 9 11 12 13 | 13.4
Armour         | 4 5 8 9 10 11 12 14 15 16 17 18 19 20 22 | 22.8
Shields        | 6 8 9 10 13 15 17 | 17.0
Dodging        | 1 4 6 7 9 10 11 12 13 14 15 16 17 19 | 19.4

Action                   |  1- 3 |  4- 6 |  7- 9 | 10-12 | 13-15 | 16-18 | 19-21 | 22-24 | 25-27 || total
-------------------------+-------+-------+-------+-------+-------+-------+-------+-------+-------++-------
Melee: War axe           |   112 |   235 |   328 |     8 |   215 |       |       |       |       ||   898
       Hand axe          |       |       |       |   617 |   142 |       |       |       |       ||   759
       Dire flail        |       |       |       |    56 |    33 |    96 |       |       |       ||   185
       Battleaxe         |       |       |       |       |   553 |  1019 |  1050 |  1154 |  1981 ||  5757
       Executioner's axe |       |       |       |       |       |       |       |       |   401 ||   401
Invok: Bend Time         |       |       |       |     1 |     1 |       |       |       |     2 ||     4
       Slouch            |       |       |       |       |       |     4 |     2 |       |     2 ||     8
       Temporal Distorti |       |       |       |       |       |       |       |       |     3 ||     3
 Abil: Dig               |       |     3 |     5 |     5 |    14 |     1 |       |       |     9 ||    37
  Use: Scroll            |     1 |     4 |    13 |     4 |    13 |    14 |    10 |     8 |    25 ||    92
       Potion            |       |       |       |       |     2 |       |       |       |     8 ||    10
 Stab: Petrified         |       |       |       |       |     7 |       |       |       |       ||     7
       Distracted        |       |       |       |       |       |     1 |     1 |     2 |     1 ||     5
       Confused          |       |       |       |       |       |     2 |       |       |       ||     2
  Eat: Chunk             |     1 |     9 |     8 |     7 |    19 |    18 |    12 |    12 |    25 ||   111
       Fruit             |       |       |       |     2 |       |       |       |       |       ||     2
       Royal jelly       |       |       |       |       |       |       |       |     3 |       ||     3
Armor: Scale mail        |    63 |    33 |       |       |       |       |       |       |       ||    96
       Chain mail        |       |    27 |       |       |       |    29 |       |       |       ||    56
       Plate armour      |       |    56 |   168 |   148 |   236 |   254 |   267 |   247 |   389 ||  1765
Dodge: Dodged            |    54 |   149 |   165 |   130 |   433 |   663 |   661 |   584 |  1321 ||  4160
       Deflected         |     2 |     1 |     2 |     3 |    17 |    47 |    43 |    34 |    67 ||   216
Block: Shield            |       |       |       |   291 |   624 |   917 |   849 |   617 |       ||  3298
       Large shield      |       |       |       |       |       |       |       |   285 |  2581 ||  2866
